 Dungeon Crawl Stone Soup version 0.26-a0-837-g5a8a614f01 (webtiles) character file.

Game seed: 15405119535846651635

21 Decritt the Gusty (level 2, -1/14 HPs)
             Began as a Vine Stalker Air Elementalist on Nov 18, 2020.
             Slain by a quokka (4 damage)
             ... on level 1 of the Dungeon.
             The game lasted 00:03:37 (1633 turns).

Decritt the Gusty (Vine Stalker Air Elementalist)   Turns: 1633, Time: 00:03:38

Health: -1/14      AC:  2    Str: 10    XL:     2   Next: 83%
Magic:  0/6        EV: 12    Int: 15    God:
Gold:   104        SH:  0    Dex: 14    Spells: 4/5 levels left

rFire    . . .     SeeInvis .   g - +0 dagger
rCold    . . .     Faith    .   (no shield)
rNeg     . . .     Spirit   +   a - +0 robe
rPois    .         Reflect  .   (no helmet)
rElec    .         Harm     .   (no cloak)
rCorr    .         Rampage  .   (no gloves)
MR       .....                  (no boots)
Stlth    ++........             (no amulet)
HPRegen  0.04/turn              (no ring)
MPRegen  0.10/turn              (no ring)

@: no status effects
A: fangs 2, magic shield, antimagic bite, no potion heal 3, rot immunity
a: no special abilities


You were on level 1 of the Dungeon.
You visited 1 branch of the dungeon, and saw 2 of its levels.

You collected 104 gold pieces.

Inventory:

Hand Weapons
 g - a +0 dagger (weapon)
Armour
 a - a +0 robe (worn)
Scrolls
 c - a scroll of blinking {unknown}
 d - 2 scrolls of remove curse {unknown}
 f - a scroll of fear {unknown}
Potions
 b - a potion of haste {unknown}
 e - a potion of attraction {unknown}


   Skills:
 * Level 0.8 Fighting
 * Level 0.8 Armour
 * Level 1.9 Dodging
 - Level 2.4 Stealth
 - Level 2.2 Spellcasting
 + Level 1.2 Conjurations
 + Level 3.0 Air Magic


You had 4 spell levels left.
You knew the following spells:

 Your Spells              Type           Power        Failure   Level
a - Shock                 Conj/Air       #...         9%          1

Your spell library contained the following spells:

 Spells                   Type           Power        Failure   Level
 Swiftness                Air            ##......     10%         2
 Static Discharge         Conj/Air       #.......     26%         3
 Airstrike                Air            ##........   52%         4
 Lightning Bolt           Conj/Air       #.........   94%         5


Dungeon Overview and Level Annotations

Branches:
Dungeon (2/15)

Altars:


Innate Abilities, Weirdness & Mutations

You have extremely sharp teeth.
When hurt, damage is shared between your health and your magic reserves.
Your bite disrupts and absorbs the magic of your enemies.
Potions cannot restore your health.
You are immune to rotting.


Message History

Confirm with . or Enter, or press ? or * to list all spells.
Aiming: Shock (safe; 9% risk of failure)
Press: ? - help, Shift-Dir - straight line, f/p - quokka
Aim: a quokka (heavily wounded)
The zap hits the quokka.
The quokka is severely wounded.
The quokka barely misses you. The quokka bites you.
* * * LOW HITPOINT WARNING * * *
There is an escape hatch in the ceiling here.
The quokka bites you but does no damage.
A mysterious force pulls you upwards. The hatch slams shut behind you.
You are too injured to fight recklessly!
Casting: Shock (safe; 9% risk of failure)
Confirm with . or Enter, or press ? or * to list all spells.
Aiming: Shock (safe; 9% risk of failure)
Press: ? - help, Shift-Dir - straight line, f - quokka
Aim: a quokka (severely wounded)
The zap misses the quokka.
The quokka bites you.
You die...

#.##.#.####.#####.###
#.##.#.# #.# #.# #
#.##.#.# #.# #.# #
#.##.#.# #.# #.# #
#.##.#.# #.# #.# #
###.##.#.# #.# #.# #
#...##.#.# #.# #.# #
##.####.#.# #.# #.# #
#.....r@#.# #.# #.# #
#########.####.#####.#
# #............#
######.####### #.# #.#
#.# #.# #.#


You could see a quokka.

Vanquished Creatures
  A bat (D:1)
  4 hobgoblins
  4 kobolds (D:1)
  A quokka (D:2)
  2 frilled lizards
  3 goblins
  3 rats
18 creatures vanquished.

Notes
Turn   | Place    | Note
-------+----------+-------------------------------------------
     0 | D:1      | Decritt the Vine Stalker Air Elementalist began the quest
                  | for the Orb.
     0 | D:1      | Reached XP level 1. HP: 9/9 MP: 4/4
   220 | D:1      | Reached XP level 2. HP: 14/14 MP: 6/6
  1633 | D:1      | Slain by a quokka

Illustrated notes

Levels and vault maps discovered:
D:1:      scummos_arrival_hexagon, layout_basic
D:2:      layout_loops_cross, uniq_crazy_yiuf_cottage

Action                   || total
-------------------------++-------
Melee: Mace              ||    26
       Bite              ||    13
       Club              ||     6
       Dagger            ||    18
 Cast: Shock             ||    20
 Stab: Sleeping          ||     1
Armor: Robe              ||    11
Dodge: Dodged            ||    51

Table legend: (Time is in decaauts)
 A = Elapsed time spent in this place.
 B = Non-inter-level travel time spent in this place.
 C = Inter-level travel time spent in this place.
 D = Time resting spent in this place.
 E = Time spent auto-exploring this place.
 F = Levels seen in this place.
 G = Mean time per level.
                   A        B        C        D        E       F      G
               +--------+--------+--------+--------+--------+-----+--------+
         Total |   1643 |   1615 |     28 |    347 |   1016 |   2 |  821.5 |
       Dungeon |   1643 |   1615 |     28 |    347 |   1016 |   2 |  821.5 |
               +--------+--------+--------+--------+--------+-----+--------+

Top non-repeatable levels by time:
     D:1: 1360 daAuts
     D:2: 283 daAuts
